 Dungeon Crawl Stone Soup version 0.23-a0-489-g205b0b61ae (webtiles) character file.

1858 LLavrengius the Insei (level 9, 0/61 HPs)
             Began as an Octopode Transmuter on Dec 2, 2018.
             Was a Follower of Sif Muna.
             Slain by a bullfrog (7 damage)
             ... on level 5 of the Dungeon.
             The game lasted 00:34:27 (7235 turns).

LLavrengius the Insei (Octopode Transmuter)         Turns: 7235, Time: 00:34:29

Health: 0/61       AC:  1    Str: 10    XL:     9   Next: 13%
Magic:  14/14      EV: 13    Int: 18    God:    Sif Muna [*.....]
Gold:   331        SH:  4    Dex: 12    Spells: 5/14 levels left

rFire    + . .     SeeInvis .     - Unarmed
rCold    . . .     Gourm    .   e - +0 buckler
rNeg     . . .     Faith    .   (helmet restricted)
rPois    .         Spirit   .   y - amulet of magic regeneration
rElec    .         Reflect  .   z - ring of protection from fire
rCorr    .         Harm     .   (no ring)
MR       .....                  (no ring)
Stlth    ++........             (no ring)
HPRegen  0.20/turn              (no ring)
MPRegen  0.39/turn              (no ring)
                                (no ring)
                                (no ring)

@: drained
A: almost no armour, stealthy swim, amphibious, 8 rings, constrict 8, camouflage
1, gelatinous body 1
a: Divine Energy, Renounce Religion


You were on level 5 of the Dungeon.
You worshipped Sif Muna.
Sif Muna was aware of your devotion.
You were not hungry.

You visited 2 branches of the dungeon, and saw 8 of its levels.
You also visited: Sewer and Ossuary.

You collected 331 gold pieces.

Inventory:

Hand Weapons
 l - a +1 dagger of venom
 w - a +1 short sword of speed
 B - the +7 great mace "Undeadhunter" {disrupt, rN+}
   (You found it on level 6 of the Dungeon)

   It protects you from negative energy.
Missiles
 a - 30 arrows
 g - 3 throwing nets
 m - 8 tomahawks (quivered)
 n - 39 sling bullets
 p - 97 stones
Armour
 e - a +0 buckler (worn)
Jewellery
 y - an amulet of magic regeneration (around mantle)
 z - a ring of protection from fire (left tentacle)
Wands
 o - a wand of acid (5)
 t - a wand of polymorph (9)
 v - a wand of paralysis (6)
Scrolls
 b - 2 scrolls of amnesia {unknown}
 d - 5 scrolls of teleportation
 j - 2 scrolls of identify
 k - 2 scrolls of immolation
 q - a scroll of enchant weapon
 s - a scroll of enchant armour {unknown}
 u - a scroll of fear {unknown}
 A - a scroll of fog {unknown}
 C - 2 scrolls of blinking {unknown}
 E - a scroll of holy word {unknown}
Potions
 f - a potion of flight
 h - a potion of ambrosia
 i - 5 potions of curing
 r - 3 potions of haste
 x - a potion of lignification
 D - a potion of heal wounds
Comestibles
 c - 10 rations
 F - 10 chunks of flesh


   Skills:
 + Level 5.6(5.3) Fighting
 - Level 2.0(1.7) Dodging
 - Level 4.0(3.7) Shields
 + Level 6.4(6.2) Unarmed Combat
 + Level 3.4(3.1) Spellcasting
 + Level 1.0(0.8) Hexes
 + Level 4.8(4.6) Transmutations
 - Level 3.1(2.9) Poison Magic
 - Level 3.0(2.7) Evocations


You had 5 spell levels left.
You knew the following spells:

 Your Spells              Type           Power        Failure   Level  Hunger
a - Beastly Appendage     Tmut           ###...       2%          1    None
b - Spider Form           Tmut/Pois      ###.......   11%         3    ###....
c - Sticks to Snakes      Tmut           ###.....     3%          2    ##.....
d - Tukima's Dance        Hex            #.......     34%         3    ###....

Your spell library contained the following spells:

 Spells                   Type           Power        Failure   Level  Hunger
 Corona                   Hex            #......      12%         1    None
 Ensorcelled Hibernation  Hex/Ice        #.....       21%         2    ##.....
 Confuse                  Hex            #.......     34%         3    ###....
 Dazzling Spray           Conj/Hex       #.....       38%         3    ###....
 Ice Form                 Ice/Tmut       ##......     52%         4    ####...
 Blade Hands              Tmut           ###.......   54%         5    ######.


Dungeon Overview and Level Annotations

Branches:
Dungeon (7/15)             Temple (1/1) D:4

Altars:
Ashenzari
Cheibriados
Elyvilon
Fedhas
Gozag
Hepliaklqana
Makhleb
Nemelex Xobeh
Okawaru
Qazlal
Ru
Sif Muna
Trog
Uskayaw
Vehumet
Wu Jian
Xom
Zin
The Shining One


Innate Abilities, Weirdness & Mutations

You cannot wear most types of armour.
You are very stealthy in the water. (Stealth+)
You are amphibious.
You can wear up to eight rings at the same time.
You can use your tentacles to constrict eight enemies at once.
Your skin changes colour to match your surroundings (Stealth+).
Your rubbery body absorbs attacks. (AC +1, EV +1)


Message History

You block the bullfrog's attack. The bullfrog hits you.
The bullfrog completely misses you.
There is a stone staircase leading up here.
The bullfrog hits you.
* * * LOW HITPOINT WARNING * * *
The orc warrior barely misses you.
You climb upwards.
There is a stone staircase leading down here.
You bludgeon the bullfrog! Your grab misses the bullfrog.
Your squeeze misses the bullfrog.
The bullfrog is moderately wounded.
You block the bullfrog's attack.
You tentacle-slap the bullfrog but do no damage.
Your grab misses the bullfrog. You squeeze the bullfrog!
The bullfrog is severely wounded.
The bullfrog hits you!
* * * LOW HITPOINT WARNING * * *
The bullfrog hits you!
You die...

#.# ##...##...#..#........... #.#
#....##............#..... #.#
##.....#................. #.##
##..###.................
#..###########..............)....
#≈.≈≈≈≈≈≈≈.##....................
##≈.≈≈≈≈≈≈≈≈#...................#
#########..#...................#
##≈≈≈≈≈≈..#..F@.#.............#
##.≈......##............#......#
#..≈≈≈≈≈≈##.............##......
#..#########....##.....###......
#≈≈≈≈≈≈≈≈≈.##..........###......
##≈†≈...≈≈≈............#........
########≈≈.....................
######...#...........)..
#####.........##...


You could see a bullfrog.

Vanquished Creatures
  Sigmund (D:3)
  Purgy (Sewer)
  An ice beast (D:5)
  2 sky beasts
  A necrophage (D:4)
  A centaur (D:6)
  2 scorpions (D:6)
  A water moccasin skeleton (D:4)
  3 wights (D:6)
  7 orc priests
  3 hounds
  2 orc wizards
  Jessica (D:3)
  Ijyb (D:3)
  2 iguanas (D:4)
  2 worker ants (D:5)
  4 big kobold zombies (Ossuary)
  Robin (D:3)
  5 mummies (Ossuary)
  A worker ant zombie (D:5)
  3 gnolls (D:4)
  7 adders
  3 oozes
  2 adder skeletons (D:4)
  3 worms
  4 dart slugs
  6 leopard geckos
  19 orcs
  9 giant cockroaches
  11 goblins
  8 hobgoblins
  12 jackals
  A quokka (D:5)
  15 bats
  5 frilled lizards
  4 hobgoblin zombies (Ossuary)
  7 kobolds
  9 rats
170 creatures vanquished.

Notes
Turn   | Place    | Note
-------+----------+-------------------------------------------
     0 | D:1      | LLavrengius the Octopode Transmuter began the quest for the
                  | Orb.
     0 | D:1      | Reached XP level 1. HP: 13/13 MP: 3/3
   175 | D:1      | Reached XP level 2. HP: 13/18 MP: 5/5
   460 | D:1      | Found a sparkling altar of Nemelex Xobeh.
   536 | D:1      | Reached XP level 3. HP: 22/24 MP: 6/6
   556 | D:1      | Reached skill level 1 in Shields
  1247 | D:2      | Found a faded altar of an unknown god.
  1282 | D:2      | Reached XP level 4. HP: 8/30 MP: 7/7
  2049 | D:3      | Noticed Sigmund
  2069 | D:2      | Learned a level 3 spell: Spider Form
  2189 | D:3      | Killed Sigmund
  2189 | D:3      | Reached skill level 4 in Unarmed Combat
  2189 | D:3      | Reached XP level 5. HP: 19/36 MP: 2/8
  2189 | D:3      | Reached XP level 6. HP: 23/42 MP: 2/9
  2345 | D:3      | Learned a level 2 spell: Sticks to Snakes
  2671 | D:3      | Noticed Ijyb
  2679 | D:3      | Killed Ijyb
  2744 | D:3      | Noticed Robin
  2766 | D:3      | Killed Robin
  2766 | D:3      | Reached skill level 1 in Poison Magic
  3121 | D:3      | Noticed Jessica
  3122 | D:3      | Reached XP level 7. HP: 28/47 MP: 10/10
  3124 | D:3      | Killed Jessica
  3130 | D:3      | Reached skill level 5 in Unarmed Combat
  3384 | D:3      | Reached skill level 1 in Evocations
  3520 | D:3      | Found a white marble altar of Elyvilon.
  4253 | D:4      | Found a staircase to the Ecumenical Temple.
  4259 | Temple   | Entered the Ecumenical Temple
  4366 | Temple   | Became a worshipper of Sif Muna the Loreminder
  4807 | D:5      | Entered Level 5 of the Dungeon
  4890 | D:5      | Found a glowing drain.
  4912 | Sewer    | Entered a sewer
  4926 | Sewer    | Reached XP level 8. HP: 45/54 MP: 11/11
  4989 | Sewer    | Noticed Purgy
  5006 | Sewer    | Killed Purgy
  5469 | D:5      | Found a shattered altar of Ashenzari.
  5471 | D:5      | Found an ornate altar of the Wu Jian Council.
  5928 | D:5      | Found a shimmering altar of Xom.
  6044 | D:6      | Found the +7 great mace "Undeadhunter" {disrupt, rN+}
  6060 | D:6      | Found a sand-covered staircase.
  6065 | Ossuary  | Entered an ossuary
  6076 | Ossuary  | Reached skill level 5 in Fighting
  6251 | Ossuary  | Reached skill level 6 in Unarmed Combat
  6901 | D:6      | Reached XP level 9. HP: 46/61 MP: 11/13
  6977 | D:6      | Learned a level 3 spell: Tukima's Dance
  7011 | D:6      | Reached * piety under Sif Muna
  7085 | D:6      | You fall through a shaft!
  7205 | D:6      | Reached skill level 1 in Hexes
  7235 | D:5      | Slain by a bullfrog

Vault maps used:
D:1:      lightli_arrival_lavapool, nemelex_diamond_rough_becter
D:2:      chequers_ecumenical_altar_island, first_ration, minmay_heptomino_l4
D:3:      overflow_temple_1_default, uniq_sigmund, uniq_ijyb, uniq_robin,
          uniq_jessica
D:4:      minmay_temple_entry_hall
D:5:      nicolae_overflow_hidden_temple, gup_sewer_entry_pipe
D:6:      ebering_ghost_gozag, enter_ossuary_2, serial_rivers,
          chequers_serial_rivers_room_b, chequers_serial_rivers_large_b,
          chequers_serial_rivers_small_a, chequers_serial_rivers_micro_c,
          chequers_serial_rivers_small_b, chequers_serial_rivers_micro_e
D:7:      serial_bayou_lagoon_a, grunt_livestock, solitary_fountain,
          corexii_corridor_pit
Temple:   regret_index_temple_waves
Sewer:    sewer_big_baddie
Ossuary:  ossuary_the_hunt_dpeg

Skill      XL: |  1  2  3  4  5  6  7  8  9 |
---------------+----------------------------+-----
Fighting       | 2 3 4 5 |  5.6
Shields        | 1 2 3 4 |  4.0
Unarmed Combat | 4 5 6 |  6.4
Poison Magic   | 1 2 3 |  3.1
Evocations     | 2 3 |  3.0
Transmutations | 3 4 |  4.8
Spellcasting   | 3 |  3.4
Hexes          | 1 |  1.0
Dodging        | |  2.0

Action                   |  1- 3 |  4- 6 |  7- 9 || total
-------------------------+-------+-------+-------++-------
Melee: Unarmed           |   102 |   128 |   274 ||   504
       Constrict         |    16 |    34 |    55 ||   105
       Tentacles         |     9 |    28 |    47 ||    84
       Punch             |       |     6 |     9 ||    15
       Kick              |       |     6 |     9 ||    15
       Great mace        |       |       |     6 ||     6
 Cast: Beastly Appendage |     1 |     4 |     4 ||     9
       Spider Form       |       |     1 |     9 ||    10
       Sticks to Snakes  |       |       |     9 ||     9
  Use: Potion            |       |     4 |       ||     4
       Scroll            |       |     3 |     7 ||    10
 Stab: Sleeping          |       |     3 |     5 ||     8
       Distracted        |       |     1 |       ||     1
  Eat: Chunk             |     1 |     3 |    12 ||    16
       Ration            |       |     1 |     1 ||     2
Armor: Skin              |    12 |     6 |    24 ||    42
Dodge: Dodged            |    71 |    51 |   143 ||   265
Block: Buckler           |    14 |    15 |    25 ||    54

Table legend:
 A = Non-vault XP
 B = Vault XP
 C = Vault XP percentage of total XP
 D = Non-vault monster count
 E = Vault monster count
 F = Vault count percentage of total count
                 A         B        C        D         E       F
            +---------+---------+-------+---------+---------+-------
      Total |    1985 |     670 |  25.2 |     129 |      41 |  24.1
            +---------+---------+-------+---------+---------+-------
        D:1 |      63 |       0 |   0.0 |      32 |       0 |   0.0
        D:2 |      38 |       6 |  13.6 |      11 |       4 |  26.7
        D:3 |     312 |     311 |  49.9 |      33 |      11 |  25.0
        D:4 |     432 |       0 |   0.0 |      27 |       0 |   0.0
        D:5 |     508 |      17 |   3.2 |      14 |       7 |  33.3
        D:6 |     632 |       0 |   0.0 |      12 |       0 |   0.0
      Sewer |       0 |     143 | 100.0 |       0 |       6 | 100.0
    Ossuary |       0 |     193 | 100.0 |       0 |      13 | 100.0
            +---------+---------+-------+---------+---------+-------
